 Dungeon Sprint DCSS version 0.21-a0-426-g98080a9 (webtiles) character file.

592 Kidiri the Insei (level 7, -5/66 HPs)
             Began as a Purple Draconian Transmuter on Nov 6, 2017.
             Was a Follower of Sif Muna.
             Slain by a sixfirhy (13 damage)
             ... summoned by a kobold demonologist
             ... while paralysed by a floating eye
             ... in the Dungeon (Sprint I: "Red Sonja").
             The game lasted 00:02:54 (916 turns).

Kidiri the Insei (Purple Draconian Transmuter)       Turns: 916, Time: 00:02:55

Health: -5/66      AC:  6    Str: 13    XL:     7   Next: 16%
Magic:  8/15       EV:  2    Int: 13    God:    Sif Muna [*.....]
Gold:   405        SH:  0    Dex: 13    Spells: 2/17 levels left

rFire    . . .     SeeInvis .     - Unarmed
rCold    . . .     Gourm    .   (shield currently unavailable)
rNeg     . . .     Faith    .   (armour unavailable)
rPois    .         Spirit   .   (helmet restricted)
rElec    .         Reflect  .   (no cloak)
rCorr    .         Harm     .   (gloves currently unavailable)
MR       +....     NoTele   +   (no boots)
Stlth    +++.......             (no amulet)
HPRegen  0.21/turn              (no ring)
MPRegen  0.14/turn              (no ring)

@: paralysed, blade hands
A: breathe power, unfitting armour, cold-blooded, AC +6
a: Breathe Dispelling Energy, End Transformation, Divine Energy, Renounce
Religion


You were in the Dungeon.
You worshipped Sif Muna.
Sif Muna was aware of your devotion.
You were near starving.
You had blades for hands.
You visited 1 branch You collected 405 gold pieces.

Inventory:

Missiles
 a - 11 arrows
Wands
 j - a wand of polymorph (11/24)
Scrolls
 i - a scroll of blinking
Potions
 d - a potion of curing
 e - a potion of heal wounds
 f - a potion of haste
 g - 2 potions of magic
 h - a potion of berserk rage
Books
 b - a book of Changes

   Spells                             Type                      Level
   a - Beastly Appendage              Transmutation                1
   b - Sticks to Snakes               Transmutation                2
   c - Spider Form                    Transmutation/Poison         3
   d - Ice Form                       Ice/Transmutation            4
   e - Blade Hands                    Transmutation                5
Comestibles
 c - a bread ration
 k - a meat ration


   Skills:
 * Level 7.2 Fighting
 * Level 6.2 Dodging
 + Level 4.7 Stealth
 * Level 7.2 Unarmed Combat
 + Level 5.5 Spellcasting
 * Level 6.8 Transmutations
 + Level 2.4 Ice Magic
 + Level 3.4 Poison Magic


You had 2 spell levels left.
You knew the following spells:

 Your Spells              Type           Power        Failure   Level  Hunger
a - Beastly Appendage     Tmut           ###...       16%         1    None
b - Sticks to Snakes      Tmut           ###.....     19%         2    ##.....
c - Spider Form           Tmut/Pois      ###.......   36%         3    ###....
d - Ice Form              Ice/Tmut       ###.....     69%         4    ####...
e - Blade Hands           Tmut           ###.......   71%         5    ######.


Dungeon Overview and Level Annotations

Branches:
Dungeon (1/1)

Altars:
Cheibriados
Dithmenos
Elyvilon
Fedhas
Gozag
Hepliaklqana
Kikubaaqudgha
Makhleb
Nemelex Xobeh
Okawaru
Qazlal
Ru
Sif Muna
Trog
Uskayaw
Vehumet
Wu Jian
Xom
Yredelemnul
Zin
The Shining One
Jiyva
Lugonu

Shops:
D !

Annotations:
D exclusion: 2 doors


Innate Abilities, Weirdness & Mutations

You can breathe bolts of dispelling energy.
Your rich purple scales are hard. (AC +6)
You cannot fit into any form of body armour.
You are cold-blooded and may be slowed by cold attacks.


Message History

Your tail-slap misses the kobold demonologist.
The kobold demonologist is lightly wounded.
The sixfirhy closely misses you.
The kobold demonologist gestures wildly while chanting.
You barely miss the kobold demonologist.
You tail-slap the kobold demonologist.
The kobold demonologist is lightly wounded.
The kobold demonologist casts a spell.
The floating eye gazes piercingly through you!
You suddenly lose the ability to move!
The kobold demonologist hits you but does no damage.
The shadow imp hits you. The floating eye's view fixates on you.
The kobold demonologist hits you with a dagger.
The sixfirhy hits you.
* * * LOW HITPOINT WARNING * * *
The sixfirhy shocks you!
* * * LOW HITPOINT WARNING * * *
The sixfirhy hits you!
You die...

#######################
#.[').#.)'..#__#5KGKs.#
'..#..'..#..'..'@3#...#
#####+#####+#__####K..sss
####..#...#[#### ####.s
#__####..##[# #
#_____##+#_.+
#_.∩...+..._#
#_..__##_.#+#
#_____###+#.# ####### ###


You could see a demonic crawler, 2 kobold demonologists, a sixfirhy, a floating
eye and a shadow imp.

Vanquished Creatures
  A slime creature (D)
  Sigmund (D)
  A yak (D)
  A jelly (D)
  Ijyb (D)
5 creatures vanquished.

Vanquished Creatures (collateral kills)
  An ogre (D)
1 creature vanquished.

Vanquished Creatures (others)
  A gargoyle (D)
1 creature vanquished.

Grand Total: 7 creatures vanquished

Notes
Turn   | Place    | Note
-------+----------+-------------------------------------------
     0 | D        | Kidiri the Draconian Transmuter began the quest for the Orb.
     0 | D        | Reached XP level 1. HP: 16/16 MP: 3/3
     3 | D        | Noticed Ijyb
    16 | D        | Killed Ijyb
    16 | D        | Reached skill level 1 in Stealth
    16 | D        | Reached XP level 2. HP: 25/25 MP: 3/5
   114 | D        | Learned a level 2 spell: Sticks to Snakes
   119 | D        | Noticed an ogre
   124 | D        | Killed an ogre
   124 | D        | Reached XP level 3. HP: 33/33 MP: 0/7
   124 | D        | Reached XP level 4. HP: 40/40 MP: 0/8
   195 | D        | Learned a level 3 spell: Spider Form
   223 | D        | Noticed Sigmund
   234 | D        | Killed Sigmund
   234 | D        | Reached skill level 5 in Fighting
   234 | D        | Reached skill level 5 in Dodging
   234 | D        | Reached skill level 5 in Transmutations
   234 | D        | Reached XP level 5. HP: 16/50 MP: 6/10
   253 | D        | Learned a level 4 spell: Ice Form
   445 | D        | Found an ornate altar of the Wu Jian Council.
   445 | D        | Found a deep blue altar of Sif Muna.
   447 | D        | Found a radiant altar of Vehumet.
   460 | D        | Reached XP level 6. HP: 7/57 MP: 8/11
   471 | D        | Became a worshipper of Sif Muna the Loreminder
   593 | D        | Killed a gargoyle
   723 | D        | Found Sacis's Distillery.
   723 | D        | Found an ancient bone altar of Kikubaaqudgha.
   723 | D        | Found a hazy altar of Hepliaklqana.
   723 | D        | Found a stormy altar of Qazlal.
   723 | D        | Found a hide-covered altar of Uskayaw.
   723 | D        | Found a blossoming altar of Fedhas.
   723 | D        | Found a bloodstained altar of Trog.
   723 | D        | Found an iron altar of Okawaru.
   723 | D        | Found a basalt altar of Yredelemnul.
   723 | D        | Found a glowing golden altar of the Shining One.
   723 | D        | Found a snail-covered altar of Cheibriados.
   723 | D        | Found a sacrificial altar of Ru.
   723 | D        | Found a glowing silver altar of Zin.
   723 | D        | Found a shadowy altar of Dithmenos.
   723 | D        | Found a white marble altar of Elyvilon.
   723 | D        | Noticed a yak
   724 | D        | Found an opulent altar of Gozag.
   735 | D        | Killed a yak
   735 | D        | Reached skill level 1 in Ice Magic
   736 | D        | Found a sparkling altar of Nemelex Xobeh.
   844 | D        | Found a burning altar of Makhleb.
   844 | D        | Found a viscous altar of Jiyva.
   844 | D        | Found a shimmering altar of Xom.
   844 | D        | Found a corrupted altar of Lugonu.
   844 | D        | Noticed a slime creature
   850 | D        | Killed a slime creature
   850 | D        | Reached * piety under Sif Muna
   850 | D        | Your scales start taking on a rich purple colour.
   850 | D        | Reached skill level 5 in Spellcasting
   850 | D        | Reached XP level 7. HP: 66/66 MP: 10/15
   890 | D        | Learned a level 5 spell: Blade Hands
   893 | D        | Noticed a kobold demonologist
   894 | D        | Noticed a kobold demonologist
   896 | D        | Paralysed by a floating eye for 4 turns
   908 | D        | Noticed a demonic crawler
   908 | D        | Noticed a demonic crawler
   908 | D        | Noticed a demonic crawler
   909 | D        | Noticed a sixfirhy
   909 | D        | Noticed a demonic crawler
   914 | D        | Paralysed by a floating eye for 2 turns
   916 | D        | Slain by a sixfirhy

Vault maps used:
D:        dungeon_sprint_1

Skill      XL: |  1  2  3  4  5  6 |
---------------+-------------------+-----
Fighting       | 2 4 5 7 |  7.2
Dodging        | 2 3 5 6 |  6.2
Stealth        | 1 2 3 4 |  4.7
Transmutations | 3 4 5 6 |  6.8
Unarmed Combat | 4 6 7 |  7.2
Spellcasting   | 3 5 |  5.5
Poison Magic   | 2 3 |  3.4
Ice Magic      | 2 |  2.4

Action                   |  1- 3 |  4- 6 |  7- 9 || total
-------------------------+-------+-------+-------++-------
Melee: Unarmed           |    15 |    30 |     7 ||    52
       Kick              |     6 |       |       ||     6
       Tailslap          |     2 |       |     2 ||     4
 Cast: Beastly Appendage |     2 |       |       ||     2
       Sticks to Snakes  |     1 |       |       ||     1
       Spider Form       |       |     3 |       ||     3
       Ice Form          |       |     1 |       ||     1
       Blade Hands       |       |       |     2 ||     2
 Abil: Breathe Dispellin |       |       |     1 ||     1
 Stab: Sleeping          |       |     3 |       ||     3
Armor: Skin              |     2 |       |     4 ||     6
Dodge: Dodged            |     8 |    16 |     9 ||    33

Table legend:
 A = Spawn XP
 B = Non-spawn XP
 C = Spawn XP percentage of total XP
 D = Spawn monster count
 E = Non-spawn monster count
 F = Spawn count percentage of total count
 G = Total turns spent on level
                    A         B        C        D         E        F      G
               +---------+---------+-------+---------+---------+-------+---------
         Total |       0 |     847 |   0.0 |       0 |       6 |   0.0 |   916
               +---------+---------+-------+---------+---------+-------+---------
             D |       0 |     847 |   0.0 |       0 |       6 |   0.0 |   916
               +---------+---------+-------+---------+---------+-------+---------
